 Dungeon Crawl Stone Soup version 0.24.0-37-gcf1ca852f1 (webtiles) character file.

Game seed: 5495045066867606410, levelgen mode: deterministic

18452 Descartes the Protected (level 12, -1/97 HPs)
             Began as a Formicid Abyssal Knight on Dec 1, 2019.
             Was a High Priest of Lugonu.
             Slain by a minotaur
             ... wielding the cursed +1 morningstar of Patterns {crush, *Rage rC++ rN+ MR+}
              (32 damage)
             ... in a Gauntlet.
             The game lasted 00:56:42 (17463 turns).

Descartes the Protected (Formicid Abyssal Knight)  Turns: 17463, Time: 00:56:43

Health: -1/97      AC:  7    Str: 19      XL:     12   Next: 95%
Magic:  19/19      EV: 11    Int: 15 (17) God:    Lugonu [*****.]
Gold:   619        SH:  4    Dex: 12      Spells: 11/11 levels left

rFire    . . .     SeeInvis +   C - +11 long sword of the Imperium {venom, Int+2}
rCold    + + .     Gourm    .   f - +0 buckler
rNeg     + + .     Faith    .   e - +1 robe {MR+}
rPois    +         Spirit   .   (helmet unavailable)
rElec    +         Reflect  .   (no cloak)
rCorr    +         Harm     .   (no gloves)
MR       +++..                  a - +2 pair of boots "Luxes" {rF- rC+ Regen+ Dex+2}
Stlth    +.........             (no amulet)
HPRegen  0.66/turn              x - ring of Lir Hidgh {-Tele rElec rN++ Str-3 Int+3}
MPRegen  0.16/turn              U - ring of protection from magic

@: resistant
A: permanent stasis, dig shafts and tunnels, four strong arms, antennae 3
a: Dig, Shaft Self, Depart the Abyss, Bend Space, Banish, Corrupt, Enter the
Abyss, Renounce Religion


You were in a Gauntlet.
You worshipped Lugonu.
Lugonu was extremely pleased with you.
You were not hungry.

You visited 2 branches of the dungeon, and saw 14 of its levels.
You visited the Abyss 2 times.
You also visited: Gauntlet.

You collected 787 gold pieces.
You spent 168 gold pieces at shops.

Inventory:

Hand Weapons
 C - the +11 long sword of the Imperium (weapon) {venom, Int+2}
   (You found it on level 6 of the Dungeon)

   It poisons the flesh of those it strikes.
   It affects your intelligence (+2).
 H - a +3 flail
 Q - a +1 scimitar of flaming
 S - a +0 fustibalus
 X - a +3 morningstar
Missiles
 h - 279 stones
 r - 174 arrows
 t - 5 boomerangs (quivered)
 u - 7 curare-tipped darts
 v - 3 atropa-tipped darts
 w - 3 throwing nets
 y - 80 bolts
 z - 63 poisoned darts
 L - 3 datura-tipped darts
 R - 44 sling bullets
Armour
 a - the +2 pair of boots "Luxes" (worn) {rF- rC+ Regen+ Dex+2}
   (You acquired it on level 9 of the Dungeon)

   It affects your dexterity (+2).
   It makes you vulnerable to fire.
   It protects you from cold.
   It increases your rate of regeneration.
 e - a +1 robe of magic resistance (worn)
 f - a +0 buckler (worn)
 I - a +0 plate armour
 O - +3 ice dragon scales
 T - a +1 leather armour of cold resistance
 W - a +0 troll leather armour
Magical Staves
 D - an uncursed staff of earth
Jewellery
 k - an uncursed ring of protection from cold
 n - an uncursed ring of ice
 x - the ring of Lir Hidgh (left hand) {-Tele rElec rN++ Str-3 Int+3}
   (You found it on level 7 of the Dungeon)

   [ring of strength]

   It affects your strength (-3).
   It affects your intelligence (+3).
   It insulates you from electricity.
   It greatly protects you from negative energy.
   It prevents most forms of teleportation.
 A - an uncursed ring of fire
 U - a ring of protection from magic (right hand)
Wands
 E - a wand of enslavement (10)
 F - a wand of flame (9)
 J - a wand of disintegration (21)
 K - a wand of polymorph (8)
 N - a wand of clouds (5)
 P - a wand of digging (13)
Scrolls
 b - a scroll of enchant armour
 d - 6 scrolls of remove curse
 g - 2 scrolls of immolation
 m - 4 scrolls of amnesia
 s - 3 scrolls of enchant weapon
 V - a scroll of fog {unknown}
Potions
 j - 4 potions of curing
 l - 2 potions of flight
 o - 2 potions of lignification
 p - 2 potions of heal wounds
 q - 2 potions of agility
 B - a potion of cancellation
 G - 2 potions of magic
Miscellaneous
 i - a box of beasts
 Y - a sack of spiders
Comestibles
 c - 18 rations


   Skills:
 - Level 10.0 Fighting
 + Level 9.5 Long Blades
   Level 2.0 Axes
 + Level 12.1 Armour
 - Level 0.8 Dodging
 - Level 2.4 Shields
 - Level 10.0 Invocations
 + Level 8.6 Evocations


You had 11 spell levels left.
You didn't know any spells.
Your spell library contained the following spells:

 Spells                   Type           Power        Failure   Level  Hunger
 Animate Skeleton         Necr           N/A          26%         1    ##.....
 Apportation              Tloc           #.....       26%         1    ##.....
 Confusing Touch          Hex            #.....       26%         1    ##.....
 Magic Dart               Conj           #...         26%         1    ##.....
 Summon Butterflies       Summ           #.......     26%         1    ##.....
 Summon Small Mammal      Summ           #...         26%         1    ##.....
 Call Imp                 Summ           #.......     38%         2    ###....
 Poisonous Vapours        Pois/Air       #.....       38%         2    ###....
 Slow                     Hex            #.......     38%         2    ###....
 Call Canine Familiar     Summ           #.......     63%         3    ####...
 Confuse                  Hex            #.......     63%         3    ####...
 Conjure Flame            Conj/Fire      #.......     63%         3    ####...
 Gell's Gravitas          Tloc           #.........   63%         3    ####...
 Mephitic Cloud           Conj/Pois/Air  #.......     63%         3    ####...
 Petrify                  Tmut/Erth      #.......     95%         4    #####..
 Summon Ice Beast         Ice/Summ       #.......     95%         4    #####..
 Metabolic Englaciation   Hex/Ice        #.........   100%        5    ######.
 Summon Mana Viper        Hex/Summ       #.......     100%        5    ######.
 Yara's Violent Unravell  Hex/Tmut       #.........   100%        5    ######.
 Freezing Cloud           Conj/Ice/Air   #.........   100%        6    #######
 Ring of Flames           Chrm/Fire      #.........   100%        7    #######
 Summon Hydra             Summ           #.........   100%        7    #######
 Blink                    Tloc           Unusable     N/A         2    N/A

Dungeon Overview and Level Annotations

Branches:
Dungeon (13/15)            Temple (1/1) D:6            Lair (0/6) D:11
    Orc (0/2) D:10         Vaults (0/5) D:13        Gauntlet (1/1)

Altars:
Ashenzari
Cheibriados
Dithmenos
Elyvilon
Fedhas
Gozag
Hepliaklqana
Kikubaaqudgha
Makhleb
Nemelex Xobeh
Okawaru
Qazlal
Ru
Sif Muna
Trog
Uskayaw
Vehumet
Wu Jian
Xom
Yredelemnul
Zin
The Shining One

Shops:
D:7 ?

Annotations:
D:5 2 transporters, hofbold's ghost, novice BaIE Gauntlet 12 transporters, 21 runed translucent doors


Innate Abilities, Weirdness & Mutations

You cannot be hasted, slowed, berserked, paralysed or teleported.
You can dig through walls and to a lower floor.
Your four strong arms can wield two-handed weapons with a shield.
You have a pair of large antennae on your head. (SInv)


Message History

You can't dig through that.
All of the chunks of flesh in your inventory have rotted away.
It was a potion of resistance.
You feel protected.
You open the door.
A minotaur comes into view.
It is wielding the +1 morningstar of Patterns {crush, *Rage rC++ rN+ MR+}.
The minotaur bellows!
The minotaur throws a silver javelin.
The silver javelin pierces through you!!
Found a chain mail, 19 javelins, a shiny centaur barding and a phial of floods.
The minotaur throws a silver javelin.
The silver javelin pierces through you!!
Found a gate leading back out of this place.
There is an open door, spattered with blood here.
The minotaur throws a silver javelin.
The silver javelin pierces through you! You block the minotaur's attack.
The minotaur gores you but does no damage.
The minotaur blocks your attack.
The minotaur hits you with the cursed +1 morningstar of Patterns {crush, *Rage rC++ rN+ MR+}!!
You die...

##### #8∩8# #}.[# #8.8#
####(.[####
###8.#8H8#.8###
#....#.@.#....#
#.#..#8.8#..#.#
#.#..##'##..#.#
#......(......#
#.#.##.#.##.#.#
#.#....#....#.#
###.#.#######.#.###
#≈...............§# ###
####8..©.©.©.©.©.©..8####
###


You could see a minotaur.

Vanquished Creatures
  An ironheart preserver (D:13)
  Erica (D:9)
  Sonja (D:13)
  A glowing orange brain (Gauntlet)
  2 unseen horrors
  3 ugly things
  A moth of wrath (Gauntlet)
  A cyclops (D:11)
  Joseph (D:10)
  An orange demon (Abyss:2)
  A gargoyle (D:11)
  Psyche (D:10)
  A troll (D:10)
  A hornet (D:12)
  Prince Ribbit (D:8)
  4 slime creatures (D:12)
  2 hippogriffs (D:11)
  12 yaks
  A vampire (D:10)
  3 hogs (D:8)
  2 wyverns
  2 hungry ghosts
  A human (D:8)
  2 swamp worms (Gauntlet)
  A soldier ant (D:11)
  A water moccasin (D:6)
  4 orc warriors
  3 sky beasts
  5 ice beasts
  2 phantoms
  A black bear (D:8)
  4 ogres
  A necrophage (D:8)
  2 crocodiles (D:11)
  3 wolves (Gauntlet)
  5 centaurs
  9 bullfrogs
  A wyvern zombie (D:12)
  2 gnoll sergeants
  2 scorpions
  A water moccasin skeleton (D:4)
  6 killer bees (D:8)
  8 wights
  3 howler monkeys (D:9)
  11 crimson imps
  A bullfrog zombie (D:12)
  A centaur zombie (D:8)
  4 hounds
  10 orc wizards
  2 centaur skeletons
  3 bullfrog skeletons
  7 jellies
  5 orc priests
  Ijyb (D:3)
  4 iguanas
  14 worker ants
  A hound skeleton (D:6)
  3 worker ant zombies
  9 gnolls
  A howler monkey skeleton (D:4)
  6 adders
  2 shadow imps (D:9)
  2 worms (D:3)
  2 dart slugs
  10 leopard geckos
  47 orcs
  7 giant cockroaches
  A goblin (D:1)
  5 hobgoblins
  11 jackals
  4 quokkas
  A ball python (D:2)
  6 bats
  7 frilled lizards
  5 kobolds
  2 quokka skeletons
  7 rats
313 creatures vanquished.

Vanquished Creatures (others)
  An adder (D:3)
  7 fungi (Gauntlet)
  19 plants (Gauntlet)
27 creatures vanquished.

Grand Total: 340 creatures vanquished

Notes
Turn   | Place    | Note
-------+----------+-------------------------------------------
     0 | Abyss:1  | Descartes the Formicid Abyssal Knight began the quest for
                  | the Orb.
     0 | Abyss:1  | Reached XP level 1. HP: 18/18 MP: 2/2
    77 | Abyss:1  | Noticed an ancient zyme
    92 | Abyss:1  | Noticed a lorocyproca
    96 | Abyss:1  | Noticed a small abomination
   118 | Abyss:1  | Noticed a sixfirhy
   122 | D:1      | Escaped the Abyss
   586 | D:1      | Reached XP level 2. HP: 16/24 MP: 3/3
  1060 | D:1      | Reached * piety under Lugonu
  1236 | D:1      | Reached XP level 3. HP: 28/30 MP: 5/5
  1760 | D:2      | Found an iron altar of Okawaru.
  2104 | D:3      | Reached skill level 3 in Armour
  2235 | D:3      | Noticed Ijyb
  2271 | D:3      | Killed Ijyb
  2271 | D:3      | Reached XP level 4. HP: 18/37 MP: 6/6
  2601 | D:3      | Reached ** piety under Lugonu
  2900 | D:4      | Reached XP level 5. HP: 42/42 MP: 7/7
  2937 | D:4      | You fall into a shaft and drop 3 floors!
  3105 | D:6      | You fall into a shaft and drop 1 floor!
  3148 | D:7      | Found a blossoming altar of Fedhas.
  3184 | D:7      | Found a glowing golden altar of the Shining One.
  3209 | D:7      | Got a flickering brass ring
  3329 | D:7      | Found Viranut's Magic Scroll Boutique.
  3337 | D:7      | Bought a scroll of identify for 24 gold pieces
  3337 | D:7      | Bought a scroll of identify for 24 gold pieces
  3337 | D:7      | Bought a scroll of identify for 24 gold pieces
  3337 | D:7      | Identified the cursed ring of Lir Hidgh {-Tele rElec rN++
                  | Str-3 Int+3} (You found it on level 7 of the Dungeon)
  3342 | D:7      | Bought 3 scrolls of identify for 72 gold pieces
  3342 | D:7      | Bought a scroll of identify for 24 gold pieces
  3410 | D:6      | Reached skill level 4 in Armour
  3410 | D:6      | Reached XP level 6. HP: 35/49 MP: 9/9
  3567 | D:6      | Reached skill level 5 in Fighting
  3782 | D:6      | Noticed an ogre
  3823 | D:5      | Entered Level 5 of the Dungeon
  4307 | D:4      | Reached skill level 5 in Invocations
  4533 | D:4      | Reached XP level 7. HP: 27/56 MP: 10/10
  4910 | D:4      | Reached skill level 1 in Shields
  5312 | D:4      | Found an iron altar of Okawaru.
  5325 | D:4      | Reached skill level 5 in Armour
  5899 | D:5      | Found a snail-covered altar of Cheibriados.
  5925 | D:5      | Found a transporter.
  5926 | D:5      | Identified the +0 dire flail "Goblinslayer" {protect, *Slow
                  | Int+4}
  5926 | D:5      | Noticed hofbold's ghost (novice BaIE)
  5931 | D:5      | Found a transporter.
  6417 | D:5      | Reached XP level 8. HP: 54/64 MP: 12/12
  7279 | D:6      | Reached skill level 6 in Armour
  7575 | D:6      | Found a staircase to the Ecumenical Temple.
  7589 | Temple   | Entered the Ecumenical Temple
  9204 | D:6      | Got a jewelled long sword
  9205 | D:6      | Identified the +11 long sword of the Imperium {venom,
                  | Int+2} (You found it on level 6 of the Dungeon)
  9244 | D:6      | Reached XP level 9. HP: 12/72 MP: 14/14
  9622 | D:7      | Reached skill level 1 in Long Blades
  9936 | D:7      | Reached skill level 7 in Armour
 10377 | D:8      | Noticed a +0 hand axe
 10378 | D:8      | Found a hide-covered altar of Uskayaw.
 10378 | D:8      | Noticed a +0 dagger
 11063 | D:8      | Found a shattered altar of Ashenzari.
 11109 | D:8      | Noticed Prince Ribbit
 11115 | D:8      | Reached skill level 8 in Armour
 11115 | D:8      | Reached XP level 10. HP: 54/82 MP: 16/16
 11118 | D:8      | Killed Prince Ribbit
 11380 | D:8      | Found an ancient bone altar of Kikubaaqudgha.
 11380 | D:8      | Found a bloodstained altar of Trog.
 11380 | D:8      | Found a radiant altar of Vehumet.
 11381 | D:8      | Found a white marble altar of Elyvilon.
 11383 | D:8      | Found a sparkling altar of Nemelex Xobeh.
 11461 | D:8      | Reached *** piety under Lugonu
 11659 | D:9      | Reached skill level 5 in Long Blades
 11955 | D:9      | Found a shimmering blue altar of Sif Muna.
 11962 | D:9      | Noticed Erica
 11973 | D:9      | Killed Erica
 11973 | D:9      | Reached skill level 9 in Armour
 11973 | D:9      | Reached skill level 1 in Evocations
 12033 | D:9      | Reached skill level 10 in Invocations
 12121 | D:9      | Reached XP level 11. HP: 65/89 MP: 18/18
 12474 | D:10     | Entered Level 10 of the Dungeon
 12481 | D:10     | Noticed Joseph
 12492 | D:10     | Killed Joseph
 12731 | D:10     | Reached skill level 10 in Fighting
 13070 | D:10     | Identified a scroll of acquirement
 13076 | D:10     | Reached **** piety under Lugonu
 13123 | D:9      | Got a pair of ichor-stained boots
 13129 | D:9      | Identified the +2 pair of boots "Luxes" {rF- rC+ Regen+
                  | Dex+2} (You acquired it on level 9 of the Dungeon)
 13205 | D:10     | Found a staircase to the Orcish Mines.
 13459 | D:10     | Noticed an unseen horror
 13474 | D:10     | Killed an unseen horror
 13474 | D:10     | Reached skill level 10 in Armour
 13499 | D:10     | Noticed Psyche
 13504 | D:10     | Killed Psyche
 13631 | D:11     | Found a staircase to the Lair.
 13645 | D:11     | Reached skill level 5 in Evocations
 13815 | D:11     | Noticed a cyclops
 13824 | D:11     | Killed a cyclops
 14002 | D:11     | Reached ***** piety under Lugonu
 14034 | D:11     | Reached XP level 12. HP: 52/97 MP: 19/19
 14210 | D:11     | HP: 2/97 [gargoyle/stone arrow (8)]
 14681 | D:12     | Reached skill level 11 in Armour
 15156 | D:12     | Noticed an unseen horror
 15166 | D:12     | Killed an unseen horror
 16031 | D:13     | Noticed Sonja
 16047 | D:13     | Cast into level 2 of the Abyss (Sonja)
 16102 | Abyss:2  | Noticed a tentacled starspawn
 16109 | D:13     | Escaped the Abyss
 16119 | D:13     | Killed Sonja
 16140 | D:13     | Noticed a centaur warrior
 16166 | D:13     | Found a gate to the Vaults.
 16166 | D:13     | Noticed an ironheart preserver
 16183 | D:13     | Killed an ironheart preserver
 16201 | D:13     | Found a gate leading to a gauntlet.
 16210 | Gauntlet | Entered a Gauntlet
 16210 | Gauntlet | Found a transporter.
 16331 | Gauntlet | Noticed a death scarab
 16332 | Gauntlet | Found a transporter.
 16347 | Gauntlet | Found a transporter.
 16355 | Gauntlet | Found a transporter.
 16369 | Gauntlet | Noticed a cacodemon
 16372 | Gauntlet | Found a transporter.
 16389 | Gauntlet | Found a transporter.
 16389 | Gauntlet | Noticed a death drake
 16397 | Gauntlet | Noticed a death yak
 16397 | Gauntlet | Noticed a death yak
 16398 | Gauntlet | Noticed a death yak
 16401 | Gauntlet | Found a transporter.
 16406 | Gauntlet | Found a transporter.
 16408 | Gauntlet | Found a transporter.
 16431 | Gauntlet | Found a transporter.
 16431 | Gauntlet | Noticed a reaper
 16437 | Gauntlet | Found a transporter.
 16458 | Gauntlet | Found a transporter.
 16462 | Gauntlet | Noticed a glowing orange brain
 16466 | Gauntlet | Found a large runed translucent door.
 16467 | Gauntlet | Found a large runed translucent door.
 16468 | Gauntlet | Found a large runed translucent door.
 16468 | Gauntlet | Found a large runed translucent door.
 16469 | Gauntlet | Found a runed translucent gate.
 16470 | Gauntlet | Found a transporter.
 16470 | Gauntlet | Found a runed translucent gate.
 16470 | Gauntlet | Noticed a great orb of eyes
 16471 | Gauntlet | Found a runed translucent gate.
 16471 | Gauntlet | Found a large runed translucent door.
 16471 | Gauntlet | Found a large runed translucent door.
 16471 | Gauntlet | Found a runed translucent door.
 16471 | Gauntlet | Found a runed translucent door.
 16472 | Gauntlet | Found a large runed translucent door.
 16473 | Gauntlet | Found a large runed translucent door.
 16475 | Gauntlet | Found a transporter.
 16475 | Gauntlet | Found a transporter.
 16490 | Gauntlet | Found a large runed translucent door.
 16490 | Gauntlet | Found a large runed translucent door.
 16491 | Gauntlet | Found a large runed translucent door.
 16492 | Gauntlet | Found a large runed translucent door.
 16501 | Gauntlet | Found a large runed translucent door.
 16501 | Gauntlet | Found a large runed translucent door.
 16502 | Gauntlet | Found a large runed translucent door.
 16503 | Gauntlet | Found a large runed translucent door.
 16524 | Gauntlet | Found a transporter.
 16552 | Gauntlet | Found a transporter.
 16554 | Gauntlet | Found a transporter.
 17330 | Gauntlet | Killed a glowing orange brain
 17330 | Gauntlet | Reached skill level 12 in Armour
 17459 | Gauntlet | Identified the cursed +1 morningstar of Patterns {crush,
                  | *Rage rC++ rN+ MR+}
 17459 | Gauntlet | Identified the +8 hand crossbow of Compulsion {penet, rElec
                  | rF+ Dex+4}
 17459 | Gauntlet | Identified the +5 ring mail of Fagupeonk {*Drain +Fly rN+}
 17459 | Gauntlet | Identified the +5 large shield of Submission {Int+2}
 17459 | Gauntlet | Noticed a minotaur
 17463 | Gauntlet | Slain by a minotaur

Levels and vault maps discovered:
D:1:      dpeg_arrival_oval, layout_basic
D:2:      layout_loops_corners, first_ration, okawaru_ov_weapons_minmay
D:3:      layout_basic, uniq_ijyb
D:4:      layout_loops_ring, lemuel_round_altar
D:5:      layout_loops_ring, cheibriados_altar_1, gammafunk_ghost_smash
D:6:      layout_basic, minmay_temple_entry_glassed_door
D:7:      layout_gridville, kennysheep_little_box, basic_altar, serial_shops,
          shop
D:8:      layout_rooms, nicolae_ashenzari_panopticon, dancing_weapons_uskayaw,
          minitemple, grunt_livestock, uniq_prince_ribbit1
D:9:      layout_roguey, tgw_sif, uniq_erica
D:10:     layout_loops_ring, orc_0_dummy, corexii_mini_fake_secret_closet,
          uniq_psyche, uniq_joseph
D:11:     layout_rooms, david_lair_generic
D:12:     layout_layer_cave
D:13:     layout_long_grid, skrybe_vaults_entry_preservation,
          gauntlet_entry_generic, kennysheep_pointless_box, uniq_sonja
Temple:   minmay_freezing_vapour_temple
Gauntlet: gammafunk_gauntlet_one_two_three
          [gammafunk_gauntlet_arena_arrow_garden, nicolae_gauntlet_arena_x,
          gammafunk_gauntlet_arena_hedges, gammafunk_gauntlet_arena_teeth,
          nicolae_gauntlet_swirl, gammafunk_gauntlet_arena_chambers,
          gammafunk_gauntlet_arena_crates,
          gammafunk_gauntlet_arena_split_diamond,
          minmay_gauntlet_arena_make_your_own_arena,
          nicolae_gauntlet_exit_dead_adventurers]

Skill      XL: |  1  2  3  4  5  6  7  8  9 10 11 12 |
---------------+-------------------------------------+-----
Invocations    | 3 4 5 7 8 10 | 10.0
Armour         | 3 4 5 6 8 9 10 12 | 12.1
Fighting       | 4 5 7 8 9 10 | 10.0
Shields        | 2 |  2.4
Long Blades    | 3 5 7 9 |  9.5
Evocations     | 2 6 8 |  8.6
Axes           | |  2.0
Dodging        | |  0.8

Action                   |  1- 3 |  4- 6 |  7- 9 | 10-12 || total
-------------------------+-------+-------+-------+-------++-------
Melee: Hand axe          |   137 |   202 |   455 |       ||   794
       Long sword        |       |       |    95 |   519 ||   614
Throw: Boomerang         |       |       |     8 |       ||     8
Invok: Depart the Abyss  |     1 |       |       |     1 ||     2
 Abil: Dig               |       |     1 |     1 |     9 ||    11
Evoke: Wand              |       |       |       |     1 ||     1
  Use: Scroll            |       |    11 |     2 |     9 ||    22
       Potion            |       |       |     3 |     5 ||     8
 Stab: Invisible         |       |       |       |     1 ||     1
  Eat: Chunk             |     4 |     4 |     9 |    19 ||    36
       Ration            |       |     1 |     4 |     2 ||     7
Armor: Leather armour    |    17 |       |       |       ||    17
       Chain mail        |    83 |   102 |   312 |       ||   497
       Plate armour      |       |       |     9 |   289 ||   298
       Ice dragon scales |       |       |       |    17 ||    17
       Robe              |       |       |       |     1 ||     1
Dodge: Dodged            |    63 |    61 |   194 |   178 ||   496
Block: Buckler           |       |    20 |   107 |   126 ||   253
       Rpst.: Long sword |       |       |    12 |    63 ||    75
